 Zot Defence DCSS version 0.15.2 (webtiles) character file.

50 Herrn the Shield-Bearer (level 4, 22/22 (37) HPs)
             Began as a Formicid Fighter on May 17, 2015.
             Quit the game in the Realm of Zot (Scenario I: Hall of Zot).
             The game lasted 00:03:24 (484 turns).

Herrn the Shield-Bearer (Formicid Fighter)           Turns: 484, Time: 00:03:25

HP  22/22 (37)   AC  7     Str 22      XL: 4   Next:  4%
MP   5/5         EV  7     Int  7      God:
Gold 0           SH  9     Dex 10      Spells:  0 memorised,  3 levels left

rFire  . . .     SeeInvis +     a - +0 war axe
rCold  . . .     Clarity  .     b - +0 scale mail
rNeg   . . .     rCorr    .     c - +0 shield
rPois  .         rRot     .     (helmet unavailable)
rElec  .         Spirit   .     (no cloak)
SustAb .         Warding  .     (no gloves)
rMut   .         Stasis   +     (no boots)
Gourm  .                        (no amulet)
MR     .....                    (no ring)
                                (no ring)

@: not resistant to hostile enchantments, extremely unstealthy
A: permanent stasis, dig shafts and tunnels, four strong arms, antennae 3
a: Make oklob sapling, Make arrow trap, Make plant, Remove Curse, Dig


You were in the Realm of Zot.
You were not hungry.

You visited 1 branch

Inventory:

Hand weapons
 a - a +0 war axe (weapon)
Armour
 b - a +0 scale mail (worn)
 c - a +0 shield (worn)
Comestibles
 f - a bread ration
 h - a rotting chunk of adder flesh
Potions
 d - 3 potions of curing
 e - a potion of might
 g - a potion of heal wounds
 i - 2 potions of magic


   Skills:
 + Level 3.7 Fighting
 + Level 2.2 Axes
 + Level 3.9 Armour
 + Level 0.1 Dodging
 + Level 4.3 Shields


You had 3 spell levels left.
You didn't know any spells.

Dungeon Overview and Level Annotations

Branches:
    Zot (1/1)

Altars:


Innate Abilities, Weirdness & Mutations

Your are under a permanent stasis effect.
You can dig through walls and to a lower floor.
Your four strong arms can wield two-handed weapons with a shield.
You have a pair of large antennae on your head (SInv).


Message History

The giant newt bites your plant but does no damage.
The bat hits your plant but does no damage. x2
The goblin hits your plant but does no damage.
The bat hits your plant. The giant newt bites your plant.
You see here 3 stones.
The bat hits your plant but does no damage.
The goblin hits your plant but does no damage.
The bat hits your plant but does no damage.
The giant newt bites your plant but does no damage.
You see here the Orb of Zot.
The bat hits your plant but does no damage.
The bat completely misses your plant.
The goblin hits your plant but does no damage.
The giant newt bites your plant but does no damage.
Something hits your plant but does no damage.
Something completely misses your plant.
Something hits your plant but does no damage.
The bat hits your plant.
Your plant is destroyed!
Are you sure you want to abandon this character and quit the game? (Confirm with "yes".)

########## ######## .....####
####... ........### ###......
..........## ##........
...........# ▓▓▓▓▓▓▓▓▓ #.........
...........▓▓▓...P...▓▓▓{........
...........▓▓.........▓▓{l.......
...........▓......)....▓r.g......
...........^.%..@0(.).blggr......
...........▓......%...%▓r........
...........▓▓.........▓▓{........
...........▓▓▓.......▓▓▓.........
...........▓ ▓▓▓▓▓▓▓▓▓ ▓.........
..........▓▓ ▓▓........
........▓▓▓ ▓▓▓...... .....▓▓▓▓
▓▓▓▓... ▓▓▓▓▓▓▓▓▓ ▓▓▓▓▓▓▓


You could see a goblin, a bat, a giant newt, 2 rats and a friendly oklob
sapling.

Vanquished Creatures
  An ooze (Zot)
  3 bats (Zot)
  2 ball pythons (Zot)
  A giant newt (Zot)
  A goblin (Zot)
  A kobold (Zot)
  4 rats (Zot)
13 creatures vanquished.

Vanquished Creatures (collateral kills)
  An adder (Zot)
  A ball python (Zot)
  A bat (Zot)
  4 goblins (Zot)
  A kobold (Zot)
  2 rats (Zot)
10 creatures vanquished.

Vanquished Creatures (others)
  A plant (Zot)
1 creature vanquished.

Grand Total: 24 creatures vanquished

Notes
Turn   | Place    | Note
--------------------------------------------------------------
     0 | Zot      | Herrn, the Formicid Fighter, began the quest for the Orb.
     0 | Zot      | Reached XP level 1. HP: 18/18 MP: 1/1
   190 | Zot      | Reached XP level 2. HP: 20/24 MP: 3/3
   241 | Zot      | Reached skill level 4 in Shields
   241 | Zot      | Reached XP level 3. HP: 9/14 MP: 4/4
   349 | Zot      | Reached XP level 4. HP: 16/22 MP: 5/5
   484 | Zot      | Quit the game

Action                   |  1- 3 |  4- 6 || total
-------------------------+-------+-------++-------
Melee: War axe           |    30 |       ||    30
 Abil: Dig               |     1 |       ||     1
       Make oklob saplin |     1 |       ||     1
       Make arrow trap   |     1 |       ||     1
       Make plant        |       |     1 ||     1
